 Dungeon Crawl Stone Soup version 0.17-a0-1103-ga40c899 (webtiles) character file.

42 Lektor the Bolt Thrower (level 3, 0/21 HPs)
             Began as a Kobold Hunter on May 21, 2015.
             Succumbed to poison (a potion of poison)
             ... on level 1 of the Dungeon.
             The game lasted 00:04:58 (788 turns).

Lektor the Bolt Thrower (Kobold Hunter)              Turns: 788, Time: 00:04:58

Health: 0/21       AC:  3    Str: 10    XL:     3   Next: 80%
Magic:  3/3        EV: 20    Int:  9    God:
Gold:   104        SH:  0    Dex: 22    Spells: 0 memorised, 2 levels left

rFire  . . .     SeeInvis .     b - +1 hand crossbow
rCold  . . .     Clarity  .     d - +0 leather armour
rNeg   . . .     SustAb   .     (shield restricted)
rPois  .         Gourm    .     (no helmet)
rElec  .         Spirit   .     (no cloak)
rCorr  .         Warding  .     (no gloves)
rMut   .         Stasis   .     (no boots)
MR     .....                    (no amulet)
Stlth  +++.......               (no ring)
                                (no ring)

@: agile, lethally poisoned (0 -> -5), not resistant to hostile enchantments,
fairly stealthy
A: carnivore 3
a: no special abilities


You were on level 1 of the Dungeon.
You were not hungry.

You visited 1 branch of the dungeon, and saw 2 of its levels.

You collected 104 gold pieces.

Inventory:

Hand weapons
 a - a +0 short sword
 b - a +1 hand crossbow (weapon)
 f - a +2 mace of protection
 j - a +0 dagger
Missiles
 c - 16 bolts (quivered)
Armour
 d - a +0 leather armour (worn)
Scrolls
 g - 4 scrolls of identify {unknown}
 l - a scroll of remove curse {unknown}
 p - a scroll of enchant weapon {unknown}
Comestibles
 e - a meat ration
 h - a royal jelly
 k - 2 chunks of flesh


   Skills:
 - Level 2.1 Fighting
 + Level 4.1 Short Blades
 - Level 4.8 Crossbows
 - Level 2.4 Dodging
 - Level 1.3 Stealth


You had 2 spell levels left.
You didn't know any spells.

Dungeon Overview and Level Annotations

Branches:
Dungeon (2/15)

Altars:
Cheibriados


Innate Abilities, Weirdness & Mutations

You are small and have problems with some larger weapons.
You are carnivorous and can eat meat at any time.


Message History

The adder bites you but does no damage.
Firing (i - inventory):
c - 19 bolts (quivered)
Press: ? - help, Shift-Dir - straight line, f/p - adder
Aim: an adder (moderately wounded)
You shoot a bolt. The bolt hits the adder!
The adder is almost dead.
The adder misses you. The adder closely misses you.
Firing (i - inventory):
c - 18 bolts (quivered)
Press: ? - help, Shift-Dir - straight line, f/p - adder
Aim: an adder (almost dead)
You shoot a bolt. The bolt misses the adder.
* * * LOW HITPOINT WARNING * * *
You feel sick. The adder misses you.
Firing (i - inventory):
c - 17 bolts (quivered)
Press: ? - help, Shift-Dir - straight line, f/p - adder
Aim: an adder (almost dead)
You shoot a bolt. The bolt hits the adder!
You kill the adder!
Your Short Blades skill increases to level 4!
You die...

.######...........#.#.#######....
......#.......##......# #....
.####.#############.### #...#
.####.# #.# #...# )..##.#
##########.# #...# .#.##.#
#.......##.# #...# .#.##.#
#†#####.##.# ##...
......####.##...>...#########....
##............##@###.............
#########.#####.# #.##.#.##.....
#.......# #.##.#.##.#...
#......(# #....#.##.##.#
######### #.####.##.#..#
#......##.#.## #.#######.#.## #.#
#..... #.#### #.....


There were no monsters in sight!

Vanquished Creatures
  2 adders
  A worm (D:2)
  3 hobgoblins (D:1)
  2 quokkas (D:2)
  2 giant cockroaches
  8 kobolds (D:1)
  5 rats
23 creatures vanquished.

Notes
Turn   | Place    | Note
--------------------------------------------------------------
     0 | D:1      | Lektor the Kobold Hunter began the quest for the Orb.
     0 | D:1      | Reached XP level 1. HP: 12/12 MP: 1/1
   181 | D:1      | Reached skill level 1 in Short Blades
   240 | D:1      | Reached XP level 2. HP: 12/17 MP: 2/2
   686 | D:2      | Reached XP level 3. HP: 17/21 MP: 3/3
   689 | D:2      | Found a snail-covered altar of Cheibriados.
   786 | D:1      | HP: 1/21 [poison (a potion of poison)]
   788 | D:1      | Succumbed to poison (a potion of poison)

Vault maps used:
D:1:      evilmike_arrival_hilbert_curve, hangedman_decor_growths
D:2:      cheibriados_altar_1

Action                   || total
-------------------------++-------
Melee: Short sword       ||    41
       Mace              ||    14
 Fire: Hand crossbow     ||     8
  Use: Scroll            ||     2
       Potion            ||     2
 Stab: Sleeping          ||     1
